 Dungeon Crawl Stone Soup version 0.26.0-18-gc5c842f807 (webtiles) character file.

Game seed: 11251484339429042466

406 Saltbearer the Caller (level 6, -5/48 HPs)
             Began as a Barachi Hedge Wizard on Jan 22, 2021.
             Slain by an iguana (10 damage)
             ... on level 3 of the Dungeon.
             The game lasted 00:08:24 (5514 turns).

Saltbearer the Caller (Barachi Hedge Wizard)        Turns: 5514, Time: 00:08:25

Health: -5/48      AC:  5    Str: 13    XL:     6   Next: 87%
Magic:  8/12       EV: 11    Int: 15    God:
Gold:   127        SH:  0    Dex: 11    Spells: 8/13 levels left

rFire    . . .     SeeInvis .   a - +0 short sword
rCold    . . .     Faith    .   (no shield)
rNeg     . . .     Spirit   .   b - +0 ring mail
rPois    .         Reflect  .   c - +0 hat
rElec    .         Harm     .   (no cloak)
rCorr    .         Rampage  .   (no gloves)
Will     .....                  (no boots)
Stlth    +.........             (no amulet)
HPRegen  0.16/turn              (no ring)
MPRegen  0.13/turn              (no ring)

@: slow
A: +LOS, swims, slowness 1, strong legs 1
a: Hop


You were on level 3 of the Dungeon.
You visited 1 branch of the dungeon, and saw 4 of its levels.

You collected 127 gold pieces.

Inventory:

Hand Weapons
 a - a +0 short sword (weapon)
Armour
 b - a +0 ring mail (worn)
 c - a +0 hat (worn)
Scrolls
 d - a scroll of immolation {unknown}
 e - a scroll of identify {unknown}
 f - a scroll of fear {unknown}
 g - a scroll of enchant armour {unknown}
 h - 3 scrolls of enchant weapon {unknown}
 i - a scroll of random uselessness {unknown}
 l - a scroll of teleportation {unknown}
Potions
 j - a potion of brilliance {unknown}
 k - a potion of mutation {unknown}


   Skills:
 + Level 4.1 Fighting
 - Level 1.0 Short Blades
 - Level 1.0 Armour
 - Level 2.1 Dodging
 - Level 2.0 Stealth
 - Level 4.0 Spellcasting
 - Level 1.1 Conjurations
 - Level 6.0 Summonings
 - Level 1.1 Translocations


You had 8 spell levels left.
You knew the following spells:

 Your Spells              Type           Power        Failure   Level
a - Magic Dart            Conj           24%          24%         1
b - Call Imp              Summ           21%          4%          2
c - Blink                 Tloc           N/A          36%         2

Your spell library contained the following spells:

 Spells                   Type           Power        Failure   Level
 Slow                     Hex            3%           50%         2
 Conjure Flame            Conj/Fire      4%           67%         3
 Mephitic Cloud           Conj/Pois/Air  4%           69%         3


Dungeon Overview and Level Annotations

Branches:
Dungeon (4/15)
 Temple: D:4-7

Altars:
Ashenzari
Makhleb
Wu Jian
The Shining One


Innate Abilities, Weirdness & Mutations

You can be seen from farther away. (+LOS)
You can swim through water.
You cover ground slowly.
You can hop short distances.


Message History

A beastly little devil appears in a puff of flame.
The iguana bites you.
Casting: Call Imp (safe; 4% risk of failure)
Confirm with . or Enter, or press ? or * to list all spells.
A shadowy apparition takes form in the air.
The iguana bites you.
Your crimson imp hits the iguana but does no damage.
Unknown command.
You closely miss the iguana.
The iguana is moderately wounded.
The iguana bites you!
* * * LOW HITPOINT WARNING * * *
Your crimson imp hits the iguana but does no damage.
Your shadow imp hits the iguana but does no damage.
You are too injured to fight recklessly!
You are too injured to fight recklessly!
You hit the iguana.
The iguana is heavily wounded.
The iguana bites you!
You die...

###### #....# #.##.#
#########.##.#
#.........##.#
#############.........##.#
...............5@[....##.#
#####.####.##..l......##.#
#.# #.##..5......##.#
##.####.##.........##.#
#.......#####.......#.# #
#.......# #......(#.# #
#.......# #.......#.# #
#.......# #.......#.#
#####.####.# #######.#.#


You could see an iguana, a friendly crimson imp (summoned) and a friendly shadow
imp (summoned).

Vanquished Creatures
  Grinder (D:3)
  Natasha (D:3)
  A hound skeleton (D:3)
  A gnoll (D:3)
  2 adders
  2 oozes (D:1)
  A worm (D:2)
  3 giant cockroaches
  5 goblins
  9 hobgoblins
  A quokka (D:3)
  A ball python (D:3)
  6 bats
  4 frilled lizards
  6 kobolds
  A rat (D:1)
45 creatures vanquished.

Vanquished Creatures (collateral kills)
  Sigmund (D:2)
  A hound (D:3)
  Natasha (twice) (D:3)
  3 gnolls (D:3)
  2 adders (D:2)
  A worm (D:2)
  An orc (D:3)
  A hobgoblin (D:3)
  A frilled lizard (D:3)
13 creatures vanquished.

Grand Total: 58 creatures vanquished

Notes
Turn   | Place    | Note
-------+----------+-------------------------------------------
     0 | D:1      | Saltbearer the Barachi Hedge Wizard began the quest for the
                  | Orb.
     0 | D:1      | Reached XP level 1. HP: 13/13 MP: 4/4
   170 | D:1      | Reached skill level 2 in Summonings
   281 | D:1      | Reached XP level 2. HP: 3/19 MP: 4/6
   798 | D:1      | Reached skill level 3 in Summonings
   801 | D:1      | Learned a level 2 spell: Call Imp
   804 | D:1      | Learned a level 2 spell: Blink
  1217 | D:1      | Reached XP level 3. HP: 17/25 MP: 7/7
  1347 | D:1      | Reached skill level 1 in Fighting
  1347 | D:1      | Reached skill level 1 in Short Blades
  2333 | D:2      | Reached skill level 1 in Armour
  2923 | D:2      | Found a glowing golden altar of the Shining One.
  3160 | D:2      | Reached XP level 4. HP: 31/33 MP: 8/8
  3300 | D:2      | Noticed Sigmund
  3357 | D:2      | Killed Sigmund
  3358 | D:2      | Reached skill level 4 in Summonings
  3358 | D:2      | Reached XP level 5. HP: 14/41 MP: 0/9
  3911 | D:3      | Noticed Grinder
  3927 | D:3      | Noticed Natasha
  3936 | D:3      | Killed Natasha
  3955 | D:3      | Found a burning altar of Makhleb.
  3955 | D:3      | Found a broken altar of Ashenzari.
  3971 | D:3      | Paralysed by Grinder for 5 turns
  3985 | D:3      | Paralysed by Grinder for 4 turns
  3987 | D:3      | HP: 2/41 [Grinder (1)]
  3991 | D:3      | Killed Grinder
  3992 | D:3      | Reached skill level 6 in Summonings
  3992 | D:3      | Reached XP level 6. HP: 1/47 MP: 0/11
  4297 | D:3      | Found an ornate altar of the Wu Jian Council.
  4990 | D:3      | Noticed Natasha
  5010 | D:3      | Killed Natasha
  5226 | D:3      | Noticed Natasha
  5241 | D:3      | Killed Natasha
  5514 | D:3      | Slain by an iguana

Illustrated notes

Levels and vault maps discovered:
D:1:      dpeg_arrival_houses_and_road, layout_basic
D:2:      layout_basic, tso_metal_star, uniq_sigmund
D:3:      layout_basic, nicolae_overflow_hidden_temple, uniq_grinder,
          uniq_natasha
D:4:      layout_cave_pods, minmay_temple_entry_enclosed_plants, serial_glass,
          glass_columns_a, glass_columns_a, hangedman_decor_growths,
          serial_park_tiny_2

Skill      XL: |  1  2  3  4  5  6 |
---------------+-------------------+-----
Summonings     | 2 3 4 6 |  6.0
Stealth        | 2 |  2.0
Fighting       | 2 3 4 |  4.1
Short Blades   | 1 |  1.0
Armour         | 1 |  1.0
Spellcasting   | 4 |  4.0
Dodging        | |  2.1
Conjurations   | |  1.1
Translocations | |  1.1

Action                   |  1- 3 |  4- 6 || total
-------------------------+-------+-------++-------
Melee: Dagger            |    27 |       ||    27
       Short sword       |   118 |    89 ||   207
 Cast: Magic Dart        |    16 |     3 ||    19
       Call Imp          |     2 |    23 ||    25
 Abil: Hop               |     1 |     1 ||     2
 Stab: Sleeping          |     5 |     1 ||     6
       Distracted        |       |     1 ||     1
Armor: Robe              |     9 |       ||     9
       Leather armour    |    17 |       ||    17
       Ring mail         |     7 |    24 ||    31
Dodge: Dodged            |    87 |    54 ||   141
